 Dungeon Crawl Stone Soup version 0.28-a0-1087-gf3fc490d9d (webtiles) character file.

Game seed: 4643297775646514303

203 fragbeetle the Ruffian (level 5, -2/41 HPs)
             Began as a Draconian Transmuter on Dec 11, 2021.
             Succumbed to a killer bee's poison
             ... on level 4 of the Dungeon.
             The game lasted 00:07:03 (2856 turns).

fragbeetle the Ruffian (Draconian Transmuter)       Turns: 2856, Time: 00:07:04

Health: -2/41      AC:  5    Str: 15    XL:     5   Next: 51%
Magic:  9/9        EV: 12    Int: 13    God:
Gold:   174        SH:  0    Dex: 11    Spells: 6/10 levels left

rFire   . . .      SeeInvis .     - Unarmed
rCold   . . .      Faith    .   (no shield)
rNeg    . . .      Spirit   .   (armour unavailable)
rPois   .          Reflect  .   (helmet currently unavailable)
rElec   .          Harm     .   (no cloak)
rCorr   .          Rampage  .   (no gloves)
Will    .....                   (boots currently unavailable)
Stlth   +.........              (no amulet)
HPRegen 0.13/turn               (no ring)
MPRegen 0.11/turn               (no ring)

@: lethally poisoned (-2 -> -19), appendages
A: horns 2, talons 2, AC +5, unfitting armour, cold-blooded
a: End Transformation


You were on level 4 of the Dungeon.
You had temporarily grown beastly horns and talons.
You visited 1 branch of the dungeon, and saw 4 of its levels.

You collected 174 gold pieces.

Inventory:

Magical Staves
 c - a staff of poison
 j - a staff of fire
Scrolls
 a - a scroll of magic mapping
 b - a scroll of amnesia {unknown}
 d - 3 scrolls of teleportation
 f - a scroll of enchant armour {unknown}
 g - a scroll of identify {unknown}
 h - a scroll of fog {unknown}
 i - a scroll of enchant weapon {unknown}
 k - a scroll of vulnerability {unknown}
 l - a scroll of blinking {unknown}
 o - a scroll of holy word {unknown}
Potions
 e - a potion of might {unknown}
 m - a potion of experience {unknown}
 n - a potion of flight {unknown}
 p - a potion of mutation {unknown}


   Skills:
 * Level 2.0 Fighting
 * Level 3.0 Dodging
 + Level 0.4 Stealth
 + Level 3.9 Unarmed Combat
 + Level 3.0 Spellcasting
 * Level 3.1 Transmutations


You had 6 spell levels left.
You knew the following spells:

 Your Spells              Type           Power      Damage    Failure   Level
a - Beastly Appendage     Tmut           20%        N/A       6%          1
b - Spider Form           Tmut/Pois      6%         N/A       36%         3

Your spell library contained the following spells:

 Spells                   Type           Power      Damage    Failure   Level
 Wereblood                Tmut           10%        N/A       10%         2
 Static Discharge         Conj/Air       1%         N/A       34%         2
 Ice Form                 Ice/Tmut       6%         N/A       77%         4
 Dispel Undead            Necr           1%         3d6       92%         4
 Sticky Flame             Conj/Fire      1%         2d3       92%         4


Dungeon Overview and Level Annotations

Branches:
Dungeon (4/15)
 Temple: D:4-7

Altars:
Nemelex Xobeh

Annotations:
D:3 2 transporters


Innate Abilities, Weirdness & Mutations

You have temporarily grown beastly horns and talons.
Your plain brown scales are hard. (AC +5)
You cannot fit into any form of body armour.
You are cold-blooded and may be slowed by cold attacks.


Message History

The jackal moves out of view.
The killer bee moves out of view. x2
Casting: Beastly Appendage (safe; 6% risk of failure)
Confirm with . or Enter, or press ? or * to list all spells.
You grow a pair of large bovine horns.
Your feet morph into talons.
A jackal comes into view.
The quokka bites you but does no damage.
You hit the quokka. You headbutt the quokka.
You kill the quokka!
The killer bee stings you.
You are poisoned.
The killer bee poisons you!
You barely miss the killer bee. Your kick misses the killer bee.
Your tail-slap misses the killer bee.
You feel sick. The killer bee stings you!
You hit the killer bee.
Your tail-slap misses the killer bee.
The killer bee is lightly wounded.
You feel sick. The killer bee stings you.
You are lethally poisoned!
The killer bee poisons you! The killer bee closely misses you.
You miss the killer bee.
Your tail-slap misses the killer bee.
The killer bee is lightly wounded.
You feel very sick. The killer bee barely misses you. x2
You barely miss the killer bee.
The killer bee is lightly wounded.
* * * LOW HITPOINT WARNING * * *
You feel very sick. The killer bee barely misses you.
The killer bee closely misses you.
Okay, then.
You hit the killer bee. Your kick misses the killer bee.
The killer bee is moderately wounded.
* * * LOW HITPOINT WARNING * * *
You feel sick. The killer bee stings you!
* * * LOW HITPOINT WARNING * * *
You are more poisoned.
The killer bee poisons you!
The killer bee stings you but does no damage.
You hit the killer bee but do no damage.
Your kick misses the killer bee.
The killer bee is moderately wounded.
You die...

### ##.# ###yy#
#..hy## #...##y##
##. #.y ##@## #.#
#.. ##.## #.# ..h
##.## ##.# #. .#
#..## #..# # #..
##..# #..# #
#..#...## #..# .#
#.......###<†####.#
##................#
..................##


You could see 4 killer bees and a jackal.

Vanquished Creatures
  A bullfrog zombie (D:3)
  A hound (D:3)
  4 gnolls
  4 adders
  2 worms
  2 dart slugs
  6 endoplasms
  5 goblins
  8 hobgoblins
  3 quokkas
  4 ball pythons
  9 bats
  4 frilled lizards
  A kobold (D:1)
  3 rats
57 creatures vanquished.

Notes
Turn   | Place    | Note
-------+----------+-------------------------------------------
     0 | D:1      | fragbeetle the Draconian Transmuter began the quest for the
                  | Orb.
     0 | D:1      | Reached XP level 1. HP: 16/16 MP: 3/3
   366 | D:1      | Found a faded altar of an unknown god.
   573 | D:1      | Reached XP level 2. HP: 23/23 MP: 3/5
  1011 | D:2      | Reached XP level 3. HP: 28/28 MP: 6/6
  1327 | D:2      | Learned a level 3 spell: Spider Form
  1330 | D:2      | Reached XP level 4. HP: 35/35 MP: 7/7
  1987 | D:3      | Found a transporter.
  2003 | D:3      | Found a transporter.
  2277 | D:3      | Reached XP level 5. HP: 34/41 MP: 9/9
  2476 | D:3      | Found a sparkling altar of Nemelex Xobeh.
  2855 | D:4      | HP: 2/41 [killer bee (7)]
  2856 | D:4      | Succumbed to a killer bee's poison

Illustrated notes

Levels and vault maps discovered:
D:1:      dpeg_arrival_short_road, layout_basic, basic_ecumenical_altar
D:2:      layout_rooms
D:3:      gammafunk_steamed_eel, layout_basic, nemelex_diamond_rough_becter
D:4:      layout_layer_cave, serial_shops, nicolae_square_shop, uniq_edmund

Skill      XL: |  1  2  3  4  5 |
---------------+----------------+-----
Dodging        | 2 3 |  3.0
Fighting       | 2 |  2.0
Spellcasting   | 3 |  3.0
Transmutations | 3 |  3.1
Stealth        | |  0.4
Unarmed Combat | |  3.9

Action                   |  1- 3 |  4- 6 || total
-------------------------+-------+-------++-------
Melee: Unarmed           |    65 |    79 ||   144
       Headbutt          |    12 |    14 ||    26
       Kick              |    17 |    21 ||    38
       Tailslap          |     6 |     8 ||    14
       Punch             |       |     3 ||     3
 Cast: Beastly Appendage |    17 |    23 ||    40
  Use: Scroll            |       |     2 ||     2
 Stab: Sleeping          |       |     2 ||     2
Armor: Skin              |    15 |    14 ||    29
Dodge: Dodged            |    32 |    49 ||    81

Table legend: (Time is in decaauts)
 A = Elapsed time spent in this place.
 B = Non-inter-level travel time spent in this place.
 C = Inter-level travel time spent in this place.
 D = Time resting spent in this place.
 E = Time spent auto-exploring this place.
 F = Levels seen in this place.
 G = Mean time per level.
                   A        B        C        D        E       F      G
               +--------+--------+--------+--------+--------+-----+--------+
         Total |   2849 |   2775 |     74 |    528 |   1555 |   4 |  712.2 |
       Dungeon |   2849 |   2775 |     74 |    528 |   1555 |   4 |  712.2 |
               +--------+--------+--------+--------+--------+-----+--------+

Top non-repeatable levels by time:
     D:1: 1106 daAuts
     D:3: 907 daAuts
     D:2: 788 daAuts
     D:4: 47 daAuts
